 Dungeon Crawl Stone Soup version 0.26.1-11-gd32895ea62 (webtiles) character file.

Game seed: 10800150305081483187

21 JBAR the Digger (level 2, -1/15 HPs)
             Began as a Gargoyle Earth Elementalist on June 28, 2021.
             Slain by Terence
             ... wielding a +0 mace
              (3 damage)
             ... on level 2 of the Dungeon.
             The game lasted 00:03:34 (1161 turns).

JBAR the Digger (Gargoyle Earth Elementalist)       Turns: 1161, Time: 00:03:34

Health: -1/15      AC:  6    Str: 11    XL:     2   Next: 83%
Magic:  1/5        EV: 11    Int: 15    God:
Gold:   10         SH:  0    Dex: 10    Spells: 4/5 levels left

rFire    . . .     SeeInvis .   g - +0 mace
rCold    . . .     Faith    .   (no shield)
rNeg     + . .     Spirit   .   e - +0 leather armour
rPois    ∞         Reflect  .   (no helmet)
rElec    +         Harm     .   (no cloak)
rCorr    .         Rampage  .   (no gloves)
Will     .....                  d - +0 pair of boots
Stlth    ++........             (no amulet)
HPRegen  0.05/turn              (no ring)
MPRegen  0.09/turn              (no ring)

@: no status effects
A: negative energy resistance 1, electricity resistance, unbreathing,
petrification resistance, miasma immunity, AC +2
a: no special abilities


You were on level 2 of the Dungeon.
You visited 1 branch of the dungeon, and saw 2 of its levels.

You collected 10 gold pieces.

Inventory:

Hand Weapons
 g - a +0 mace (weapon)
Missiles
 b - 10 stones
Armour
 d - a +0 pair of boots (worn)
 e - a +0 leather armour (worn)
Scrolls
 a - a scroll of remove curse
 c - a scroll of magic mapping
 h - a scroll of amnesia {unknown}
 i - a scroll of immolation {unknown}
Potions
 f - a potion of curing {unknown}


   Skills:
 * Level 0.3 Maces & Flails
 + Level 0.1 Armour
 * Level 1.9 Dodging
 + Level 2.2 Stealth
 + Level 2.2 Spellcasting
 + Level 0.7 Transmutations
 * Level 4.2 Earth Magic


You had 4 spell levels left.
You knew the following spells:

 Your Spells              Type           Power        Failure   Level
a - Sandblast             Erth           28%          4%          1

Your spell library contained the following spells:

 Spells                   Type           Power        Failure   Level
 Passwall                 Tmut/Erth      7%           16%         2
 Stone Arrow              Conj/Erth      16%          34%         3
 Petrify                  Tmut/Erth      9%           71%         4
 Lee's Rapid Deconstruct  Erth           7%           80%         5


Dungeon Overview and Level Annotations

Branches:
Dungeon (2/15)

Altars:

Annotations:
D:2 Terence


Innate Abilities, Weirdness & Mutations

You are resistant to torment.
Your stone body is resilient. (AC +2)
You are immune to poison.
You resist negative energy. (rN+)
You are resistant to electric shocks. (rElec)
You can survive without breathing.
You are immune to petrification.
You are immune to miasma.


Message History

The blast of sand hits Terence but does no damage.
Terence is moderately wounded.
Terence shouts, "Now you die!" Terence barely misses you.
Aiming: Sandblast (safe; 4% risk of failure)
Press: ? - help, Q - select action, (/) - cycle Shift-Dir - straight line, f/p - Terence
Aim: Terence, wielding a +0 mace and wearing a +0 scale mail (moderately wounded, 18% to evade)
The blast of sand hits Terence but does no damage.
Terence is moderately wounded.
You barely miss Terence.
Terence is moderately wounded.
Terence hits you with a +0 mace.
* * * LOW HITPOINT WARNING * * *
You barely miss Terence.
Terence is moderately wounded.
Terence closely misses you. Terence barely misses you.
You hit Terence.
Terence is heavily wounded.
Terence hits you with a +0 mace.
You die...

... ####.#
#....# #....#
#....#
####....#####.#
.......@......#
#...@# #....#
#.....?.#
###.....#
#####.. #.. #[.
#...


You could see Terence.

Vanquished Creatures
  An ooze (D:1)
  2 leopard geckos (D:1)
  A giant cockroach (D:1)
  A hobgoblin (D:1)
  2 kobolds (D:1)
  2 bats (D:1)
  A frilled lizard (D:1)
  2 goblins (D:1)
  4 rats (D:1)
16 creatures vanquished.

Notes
Turn   | Place    | Note
-------+----------+-------------------------------------------
     0 | D:1      | JBAR the Gargoyle Earth Elementalist began the quest for
                  | the Orb.
     0 | D:1      | Reached XP level 1. HP: 10/10 MP: 3/3
   170 | D:1      | Reached XP level 2. HP: 15/15 MP: 3/5
   235 | D:1      | Reached skill level 4 in Earth Magic
  1145 | D:2      | Noticed Terence
  1161 | D:2      | Slain by Terence

Illustrated notes

Levels and vault maps discovered:
D:1:      evilmike_arrival_fibonacci_small, layout_basic
D:2:      layout_rooms, nemelex_altar_shiori, uniq_terence

Skill      XL: |  1  2 |
---------------+-------+-----
Earth Magic    | 4 |  4.2
Maces & Flails | |  0.3
Armour         | |  0.1
Dodging        | |  1.9
Stealth        | |  2.2
Spellcasting   | |  2.2
Transmutations | |  0.7

Action                   || total
-------------------------++-------
Melee: Mace              ||    11
       Unarmed           ||     3
       Whip              ||     1
 Cast: Sandblast         ||    24
  Use: Scroll            ||     3
Armor: Leather armour    ||     5
Dodge: Dodged            ||     8
